 Dungeon Crawl Stone Soup version 0.25-a0-829-g4e6a552925 (webtiles) character file.

Game seed: 12036420033818339149, levelgen mode: deterministic

230 Maedhros the Charlatan (level 6, -2/38 HPs)
             Began as an Octopode Artificer on Apr 21, 2020.
             Slain by an ogre
             ... wielding a +0 giant club
              (17 damage)
             ... on level 4 of the Dungeon.
             The game lasted 00:02:02 (2589 turns).

Maedhros the Charlatan (Octopode Artificer)         Turns: 2589, Time: 00:02:02

Health: -2/38      AC:  1    Str: 11    XL:     6   Next: 3%
Magic:  9/9        EV: 13    Int: 14    God:
Gold:   106        SH:  0    Dex: 14    Spells: 5/5 levels left

rFire    . . .     SeeInvis .   a - +0 short sword
rCold    . . .     Gourm    .   (no shield)
rNeg     . . .     Faith    .   (helmet restricted)
rPois    .         Spirit   .   (no amulet)
rElec    .         Reflect  .   (no ring)
rCorr    .         Harm     .   (no ring)
MR       .....                  (no ring)
Stlth    ++++......             (no ring)
HPRegen  0.12/turn              (no ring)
MPRegen  0.11/turn              (no ring)
                                (no ring)
                                (no ring)

@: no status effects
A: almost no armour, stealthy swim, amphibious, 8 rings, constrict 8, camouflage
1, gelatinous body 1
a: no special abilities


You were on level 4 of the Dungeon.
You were hungry.

You visited 1 branch of the dungeon, and saw 4 of its levels.

You collected 106 gold pieces.

Inventory:

Hand Weapons
 a - a +0 short sword (weapon)
Missiles
 i - 10 poisoned darts (quivered)
 m - 5 curare-tipped darts
Jewellery
 h - a cursed -3 ring of dexterity {unknown}
Wands
 b - a wand of flame (11)
 c - a wand of enslavement (7)
 d - a wand of random effects (12)
Scrolls
 e - 2 scrolls of fear {unknown}
 g - a scroll of remove curse {unknown}
 k - a scroll of amnesia {unknown}
 n - a scroll of identify {unknown}
 o - a scroll of fog {unknown}
 q - a scroll of enchant weapon {unknown}
Potions
 j - a potion of invisibility {unknown}
 l - a potion of flight {unknown}
 p - a potion of resistance {unknown}
Comestibles
 f - 2 rations


   Skills:
 - Level 1.0 Fighting
 - Level 1.0 Short Blades
 - Level 2.0 Dodging
 + Level 4.2 Stealth
 * Level 3.8 Unarmed Combat
 + Level 4.5 Evocations


You had 5 spell levels left.
You didn't know any spells.
Your spell library was empty.

Dungeon Overview and Level Annotations

Branches:
Dungeon (4/15)
 Temple: D:4-7

Altars:
Sif Muna
Vehumet


Innate Abilities, Weirdness & Mutations

You cannot wear most types of armour.
You are very stealthy in the water. (Stealth+)
You are amphibious.
You can wear up to eight rings at the same time.
You can use your tentacles to constrict eight enemies at once.
Your skin changes colour to match your surroundings (Stealth+).
Your rubbery body absorbs attacks. (AC +1, EV +1)


Message History

The quokka appears confused.
You strike the helpless quokka from behind!
You hit the quokka.
You kill the quokka!
You hit the ogre.
The ogre is lightly wounded.
The ogre hits you with a +0 giant club!!
Ouch! That really hurt!
You hit the ogre.
The ogre is moderately wounded.
The ogre closely misses you.
Evoke which item? (* to show all) (? for menu, Esc to quit)
Aiming: Random Effects
Press: ? - help, Shift-Dir - straight line, f - ogre
Aim: an ogre, wielding a +0 giant club (moderately wounded)
The ogre seems to slow down.
You hit the ogre. Your squeeze misses the ogre.
The ogre is heavily wounded.
The ogre hits you with a +0 giant club!
You die...

###..###.####
### ##.....##
###8###
###....#
#._._.#
#####..##.##
##...##
#.....###..#
#⌠.⌠#
#.^.##### ##.#
###'## #.
####.###...# #
###........###
# #...###@####
###.# #####
#O# ....# #.#
##### #†# ..##
#..#
...#########
.....
........(..#
........
..<...####.
#........#
##....###
....(..>.#


You could see an ogre.

Vanquished Creatures
  A scorpion (D:4)
  An orc wizard (D:4)
  A bullfrog skeleton (D:4)
  An orc priest (D:4)
  A worker ant (D:4)
  An adder (D:4)
  2 oozes
  An adder skeleton (D:4)
  A worm (D:4)
  2 dart slugs (D:1)
  A leopard gecko (D:3)
  3 orcs (D:4)
  2 giant cockroaches
  5 goblins
  5 hobgoblins
  3 jackals (D:3)
  3 kobolds
  3 quokkas (D:4)
  A ball python (D:4)
  4 frilled lizards
  A leopard gecko skeleton (D:4)
  5 rats
48 creatures vanquished.

Vanquished Creatures (collateral kills)
  An orc (D:4)
  A quokka (D:4)
2 creatures vanquished.

Vanquished Creatures (others)
  A hound (D:4)
  2 orc wizards (D:4)
3 creatures vanquished.

Grand Total: 53 creatures vanquished

Notes
Turn   | Place    | Note
-------+----------+-------------------------------------------
     0 | D:1      | Maedhros the Octopode Artificer began the quest for the
                  | Orb.
     0 | D:1      | Reached XP level 1. HP: 13/13 MP: 3/3
   144 | D:1      | Reached skill level 1 in Unarmed Combat
   144 | D:1      | Reached XP level 2. HP: 18/18 MP: 4/4
   639 | D:2      | Reached XP level 3. HP: 23/23 MP: 5/5
  1219 | D:4      | Noticed a scorpion
  1227 | D:4      | Killed a scorpion
  1227 | D:4      | Reached XP level 4. HP: 12/28 MP: 5/7
  1942 | D:4      | Reached XP level 5. HP: 19/33 MP: 8/8
  2213 | D:4      | HP: 1/33 [orc priest/nerve-wracking pain (8)]
  2214 | D:4      | Reached XP level 6. HP: 1/38 MP: 9/9
  2551 | D:4      | Found a radiant altar of Vehumet.
  2552 | D:4      | Found a shimmering blue altar of Sif Muna.
  2589 | D:4      | Slain by an ogre

Levels and vault maps discovered:
D:1:      minmay_arrival_loop, layout_rooms, minivault_4, minmay_pentomino_s2
D:2:      minmay_spotlight, layout_basic, old_standard_altar
D:3:      layout_rooms, lemuel_crystal_altar, minmay_cupped
D:4:      layout_rooms, gammafunk_temple_overflow_statue

Skill      XL: |  1  2  3  4  5 |
---------------+----------------+-----
Unarmed Combat | 1 2 3 |  3.8
Stealth        | 2 3 4 |  4.2
Evocations     | 4 |  4.5
Fighting       | |  1.0
Short Blades   | |  1.0
Dodging        | |  2.0

Action                   |  1- 3 |  4- 6 || total
-------------------------+-------+-------++-------
Melee: Short sword       |    74 |    55 ||   129
       Tentacles         |    12 |     9 ||    21
       Constrict         |    16 |     9 ||    25
       Punch             |       |     1 ||     1
Evoke: Wand              |     1 |    14 ||    15
 Stab: Sleeping          |     5 |     2 ||     7
       Confused          |       |     1 ||     1
  Eat: Ration            |       |     1 ||     1
       Chunk             |       |     1 ||     1
Armor: Skin              |     3 |     3 ||     6
Dodge: Dodged            |    45 |    32 ||    77

Table legend:
 A = Non-vault XP
 B = Vault XP
 C = Vault XP percentage of total XP
 D = Non-vault monster count
 E = Vault monster count
 F = Vault count percentage of total count
                 A         B        C        D         E       F
            +---------+---------+-------+---------+---------+-------
      Total |     328 |       1 |   0.3 |      49 |       1 |   2.0
            +---------+---------+-------+---------+---------+-------
        D:1 |      27 |       1 |   3.6 |      14 |       1 |   6.7
        D:2 |       9 |       0 |   0.0 |       7 |       0 |   0.0
        D:3 |      21 |       0 |   0.0 |       8 |       0 |   0.0
        D:4 |     271 |       0 |   0.0 |      20 |       0 |   0.0
            +---------+---------+-------+---------+---------+-------
